 Dungeon Crawl Stone Soup version 0.17-a0-1479-g4041c36 (webtiles) character file.

127 amnekian the Changer (level 5, -1/33 HPs)
             Began as an Octopode Transmuter on July 3, 2015.
             Slain by an ogre
             ... wielding a +0 giant club
              (6 damage)
             ... on level 3 of the Dungeon.
             The game lasted 00:10:11 (3855 turns).

amnekian the Changer (Octopode Transmuter)          Turns: 3855, Time: 00:10:12

Health: -1/33      AC:  1    Str:  9    XL:     5   Next: 11%
Magic:  2/8        EV: 12    Int: 16    God:
Gold:   179        SH:  0    Dex: 13    Spells: 3 memorised, 1 level left

rFire  . . .     SeeInvis .       - Unarmed
rCold  . . .     Clarity  .     (no shield)
rNeg   . . .     SustAt   .     (helmet restricted)
rPois  .         Gourm    .     (no amulet)
rElec  .         Spirit   .     (no ring)
rCorr  .         Warding  .     (no ring)
rMut   .         Stasis   .     (no ring)
MR     .....                    (no ring)
Stlth  ++........               (no ring)
                                (no ring)
                                (no ring)
                                (no ring)

@: very slightly contaminated, not resistant to hostile enchantments, unstealthy
A: almost no armour, amphibious, 8 rings, constrict 8, camouflage 1, gelatinous
body 1
a: no special abilities


You were on level 3 of the Dungeon.
You were not hungry.

You visited 1 branch of the dungeon, and saw 4 of its levels.

You collected 179 gold pieces.

Inventory:

Missiles
 a - 27 arrows
 f - 16 poisoned arrows
 i - 126 stones (quivered)
 q - 5 tomahawks
Jewellery
 e - an uncursed amulet of resist mutation {unknown}
 k - an uncursed ring of fire {unknown}
Scrolls
 d - 2 scrolls of remove curse {unknown}
 h - a scroll of recharging {unknown}
 p - a scroll of amnesia {unknown}
Potions
 g - 2 potions of ambrosia {unknown}
 j - a potion of agility
 l - a potion of magic {unknown}
 m - a potion of mutation {unknown}
 n - a potion of poison {unknown}
 r - a potion of curing {unknown}
Books
 b - a book of Changes

   Spells                             Type                      Level
   a - Beastly Appendage              Transmutation                1
   b - Sticks to Snakes               Transmutation                2
   c - Spider Form                    Transmutation/Poison         3
   d - Ice Form                       Ice/Transmutation            4
   e - Blade Hands                    Transmutation                5
Comestibles
 c - 2 bread rations


   Skills:
 - Level 1.0 Fighting
 - Level 2.0 Dodging
 - Level 3.0 Unarmed Combat
 - Level 2.0 Spellcasting
 - Level 4.1 Transmutations
 * Level 2.6 Ice Magic


You had one spell level left.
You knew the following spells:

 Your Spells              Type           Power        Failure   Level  Hunger
a - Beastly Appendage     Trmt           ##....       4%          1    #......
b - Sticks to Snakes      Trmt           ##........   8%          2    ###....
c - Ice Form              Ice/Trmt       ##......     63%         4    #####..


Dungeon Overview and Level Annotations

Branches:
Dungeon (4/15)
 Temple: D:4-7

Altars:

Portals:
Ossuary: D:4

Annotations:
D:3 exclusion: ogre, Grinder; rnawigator's ghost, average MfTm


Innate Abilities, Weirdness & Mutations

You cannot wear most types of armour.
You are amphibious.
You can wear up to eight rings at the same time.
You can use your tentacles to constrict eight enemies at once.
Your skin changes colour to match your surroundings (Stealth).
Your rubbery body absorbs attacks (AC +1).


Message History

Your adder bites the ogre.
Rnawigator's ghost assumes a wrestling stance.
The ogre barely misses you.
Your adder barely misses the ogre.
Your adder barely misses the ogre. x2
The ogre hits your adder with a giant club!
Your adder dies!
Your adder bites the ogre.
The ogre is poisoned.
Your adder poisons the ogre!
There are monsters nearby!
Your adder barely misses the ogre.
Rnawigator's ghost barely misses you.
Your adder bites the ogre.
The ogre looks even sicker.
Your adder poisons the ogre!
Rnawigator's ghost hits you.
Your adder bites the ogre.
The ogre hits you with a giant club. Rnawigator's ghost hits you.
* * * LOW HITPOINT WARNING * * *
Your adder bites the ogre.
The ogre misses you.
Your adder bites the ogre but does no damage.
Rnawigator's ghost closely misses you.
Your adder closely misses the ogre.
The rat barely misses you. The ogre hits you with a giant club.
You die...

.'......# ..#......>#
.#......# ..#.......#
.#......# .........#
.#......# #......)#
.#......# #.......#
.#......# #.......#
##......#.####....>..#
#......#.......W....#
#####.## ####SO@....#
.. #.r.....# #..(....#
#.r.....#######
#.###.### #. #


You could see an ogre, rnawigator's ghost, a rat and a friendly adder.

Vanquished Creatures
  4 adders
  4 worms
  An adder skeleton (D:4)
  2 giant geckos (D:1)
  An orc (D:4)
  9 bats
  6 giant cockroaches
  15 hobgoblins
  A jackal (D:2)
  9 kobolds
  2 giant newts (D:2)
  8 goblins
  9 rats
71 creatures vanquished.

Vanquished Creatures (collateral kills)
  An ooze (D:2)
  A kobold (D:3)
2 creatures vanquished.

Vanquished Creatures (others)
  A kobold (D:4)
1 creature vanquished.

Grand Total: 74 creatures vanquished

Notes
Turn   | Place    | Note
--------------------------------------------------------------
     0 | D:1      | amnekian the Octopode Transmuter began the quest for the Orb.
     0 | D:1      | Reached XP level 1. HP: 13/13 MP: 3/3
   249 | D:1      | Reached XP level 2. HP: 18/18 MP: 5/5
   802 | D:1      | Reached XP level 3. HP: 19/23 MP: 6/6
  1048 | D:2      | Learned a level 2 spell: Sticks to Snakes
  1504 | D:2      | Reached skill level 4 in Transmutations
  1761 | D:2      | Reached XP level 4. HP: 28/28 MP: 5/7
  1769 | D:2      | Learned a level 4 spell: Ice Form
  1881 | D:2      | Reached skill level 1 in Ice Magic
  2539 | D:3      | Noticed an ogre
  2924 | D:3      | Noticed Grinder
  3536 | D:4      | Reached XP level 5. HP: 21/33 MP: 6/8
  3789 | D:4      | Found a sand-covered staircase.
  3845 | D:3      | Noticed rnawigator's ghost (average MfTm)
  3855 | D:3      | Slain by an ogre

Vault maps used:
D:1:      evilmike_arrival_grusome_pit, minmay_misc_feat_enclosed,
          serial_bayou_pond_a, grunt_decor_mini_mirrors, grunt_decor_cap
D:2:      hangedman_feature_mirror
D:3:      first_bread, uniq_jessica, uniq_grinder
D:4:      bloody_makhleb, nicolae_ossuary_entry_monument

Action                   |  1- 3 |  4- 6 || total
-------------------------+-------+-------++-------
Melee: Unarmed           |    93 |    93 ||   186
Throw: Stone             |     1 |     7 ||     8
 Cast: Beastly Appendage |    11 |    11 ||    22
       Sticks to Snakes  |     1 |     9 ||    10
 Stab: Sleeping          |     6 |     3 ||     9
  Eat: Chunk             |     2 |     4 ||     6
       Bread ration      |       |     1 ||     1
